AoeStats
← rosssmith95

African Clearing

504688383Analyzed
4v4 RM · 27d ago on Sep 6, 2026· 64m 7s· 8 players
Game mode
Random Map
Map size
Large (8 player)
Population
200
Speed
Normal
Resources
Standard
Victory
Conquest
Starting age
Dark Age
Ending age
Imperial Age
RankedLock teamsTeams togetherTeam positionsShared explorationLock speedFull tech treeHidden civsTurbo modeCheats
Victory
Defeat
🇳🇱 Persians · Netherlands
1099
+14
🇹🇼 Muisca · Taiwan
1066
+16
1054
+16
🇨🇴 Slavs · Colombia
1013
+18
🇨🇦 Byzantines · Canada
1099
-17
🇹🇼 Celts · Taiwan
1079
-17
🇨🇳 Persians · China
1055
-16
🇵🇪 Vietnamese · Peru
1008
-14
L3GAL
4:04 Loom
15:50 Feudal Age
18:16 Horse Collar
18:30 Double-Bit Axe
20:34 Gold Mining
23:54 Stone Mining
28:06 Castle Age
26:36 Forging
28:15 Scale Mail Armor
29:06 Pikeman
30:51 Bow Saw
31:19 Squires
31:59 Iron Casting
33:17 Gold Shaft Mining
33:22 Wheelbarrow
33:19 Chain Mail Armor
35:08 Town Watch
37:49 Heavy Plow
38:19 Hand Cart
38:19 Fletching
41:56 Sanctity
41:32 Herbal Medicine
44:25 Imperial Age
44:00 Ballistics
43:36 Murder Holes
44:29 Capped Ram
44:32 Halberdier
45:45 Plate Mail Armor
46:16 Blast Furnace
46:27 Chemistry
45:33 Siege Engineers
46:08 Bodkin Arrow
46:46 Crop Rotation
47:18 Two-Man Saw
46:21 Caravan
46:41 Siege Ram
50:09 Scale Barding Armor
50:13 Druzhina
50:14 Detinets
50:15 Man-at-Arms
51:18 Elite Boyar
52:27 Bloodlines
53:28 Chain Barding Armor
52:58 Light Cavalry
56:06 Block Printing
55:17 Long Swordsman
57:30 Husbandry
58:10 Plate Barding Armor
57:12 Sappers
58:02 Conscription
58:18 Hoardings
59:10 Two-Handed Swordsman
60:33 Coinage
62:25 Masonry
J'aimeTropTonBoule [French]
10:22 Loom
12:54 Feudal Age
16:08 Fletching
16:19 Padded Archer Armor
22:27 Castle Age
25:37 Double-Bit Axe
28:18 Horse Collar
31:21 Bodkin Arrow
31:42 Thumb Ring
34:35 Ballistics
36:04 Bow Saw
38:28 Leather Archer Armor
42:28 Imperial Age
40:37 Wheelbarrow
40:22 Treadmill Crane
43:36 Heavy Plow
45:11 Chemistry
44:15 Murder Holes
46:53 Heavy Cavalry Archer
48:11 Bracer
50:43 Town Watch
51:13 Hand Cart
51:40 Paper Money
52:43 Town Patrol
54:41 Bombard Tower
57:38 Two-Man Saw
56:50 Husbandry
57:01 Bloodlines
57:51 Ring Archer Armor
56:44 Elite Skirmisher
56:45 Crossbowman
58:04 Theocracy
57:54 Illumination
57:30 Devotion
57:27 Guard Tower
57:23 Arrowslits
58:35 Light Cavalry
willem.goossenss
8:10 Loom
14:30 Feudal Age
15:01 Double-Bit Axe
17:29 Forging
17:24 Scale Barding Armor
19:17 Bloodlines
24:20 Castle Age
24:10 Light Cavalry
25:25 Chain Barding Armor
deankuo
8:44 Loom
14:43 Feudal Age
18:57 Castle Age
17:12 Double-Bit Axe
19:02 Pikeman
25:17 Fletching
30:36 Sanctity
31:57 Bow Saw
33:42 Horse Collar
34:32 Gold Mining
38:45 Wheelbarrow
41:39 Imperial Age
41:09 Bodkin Arrow
41:15 Padded Archer Armor
43:21 Block Printing
44:25 Theocracy
47:21 Illumination
50:15 Redemption
54:35 Champi Runner
56:17 Squires
57:20 Bracer
57:21 Scale Mail Armor
57:45 Conscription
57:42 Elite Guecha Warrior
61:06 Fervor
61:11 Champi Warrior
62:03 Heavy Plow
63:05 Two-Man Saw
63:36 Atonement
rosssmith95
15:04 Feudal Age
20:17 Castle Age
18:58 Scale Barding Armor
19:32 Forging
22:20 Wheelbarrow
21:48 Double-Bit Axe
26:57 Chain Barding Armor
31:22 Husbandry
31:53 Loom
34:45 Pikeman
50:53 Hand Cart
55:13 Imperial Age
54:53 Sanctity
54:44 Redemption
59:00 Fletching
59:04 Gold Mining
59:04 Stone Mining
59:05 Horse Collar
60:03 Iron Casting
60:05 Plate Barding Armor
60:35 Bodkin Arrow
60:41 Scale Mail Armor
60:42 Padded Archer Armor
60:26 Elite Skirmisher
CERBERO
16:11 Feudal Age
14:43 Loom
17:34 Double-Bit Axe
25:02 Castle Age
26:42 Wheelbarrow
26:20 Bow Saw
25:51 Horse Collar
26:13 Scale Mail Armor
25:51 Pikeman
27:27 Man-at-Arms
28:21 Squires
28:29 Long Swordsman
29:35 Gold Mining
31:58 Forging
32:11 Chain Mail Armor
33:43 Heavy Plow
34:55 Iron Casting
37:48 Husbandry
38:00 Bloodlines
38:31 Scale Barding Armor
51:53 Light Cavalry
cooldaban
3:40 Loom
15:07 Feudal Age
17:45 Scale Barding Armor
19:07 Forging
28:29 Double-Bit Axe
34:13 Horse Collar
38:17 Castle Age
38:54 Scale Mail Armor
41:39 Pikeman
49:26 Wheelbarrow
55:00 Chain Mail Armor
55:20 Iron Casting
54:59 Stone Mining
55:00 Gold Mining
55:21 Gold Mining
57:00 Gambesons
57:01 Arson
57:41 Fletching
57:52 Padded Archer Armor
60:05 Murder Holes
66:25 Imperial Age
~斑驳~
6:07 Loom
15:32 Feudal Age
16:27 Fishing Lines
18:58 Fletching
20:27 Double-Bit Axe
21:30 Horse Collar
25:37 Castle Age
24:50 Bloodlines
34:35 Town Watch
36:29 Heavy Plow
38:44 Wheelbarrow
44:39 Imperial Age
42:26 Gold Mining
42:27 Stone Mining
42:02 Light Cavalry
42:42 Husbandry
43:32 Bow Saw
43:45 Hand Cart
44:28 Elite Skirmisher
45:14 Thumb Ring
46:08 Scale Barding Armor
52:20 Block Printing
52:15 Fervor
Connection lost

Rejoining the realm…

Still unreachable

The connection could not be restored.

Session expired

The server has moved on; the page needs a fresh start.